 Dungeon Crawl Stone Soup version 0.27.1-33-g824d729ab1 (webtiles) character file.

Game seed: 6525122938793046281

5158 pkoi the Martial Artist (level 10, -15/74 (77) HPs)
             Began as a Red Draconian Monk on Nov 24, 2021.
             Demolished by a wyvern (16 damage)
             ... on level 8 of the Dungeon.
             The game lasted 00:13:56 (13148 turns).

pkoi the Martial Artist (Red Draconian Monk)       Turns: 13148, Time: 00:13:56

HP:   -15/74 (77)   AC:  8    Str: 13    XL:     10   Next: 33%
MP:   10/10         EV: 12    Int: 14    God:
Gold: 385           SH:  0    Dex: 14    Spells: 9/9 levels left

rFire    + . .     SeeInvis .     - Unarmed
rCold    . . .     Faith    .   (no shield)
rNeg     . . .     Spirit   .   (armour unavailable)
rPois    .         Reflect  .   (helmet restricted)
rElec    .         Harm     .   (no cloak)
rCorr    .         Rampage  +   (no gloves)
Will     .....                  c - +0 pair of boots {rampage}
Stlth    ++........             (no amulet)
HPRegen  0.22/turn              (no ring)
MPRegen  0.12/turn              (no ring)

@: lightly drained
A: breathe fire, AC +7, unfitting armour, fire resistance 1, cold-blooded
a: Breathe Fire


You were on level 8 of the Dungeon.
You visited 2 branches of the dungeon, and saw 10 of its levels.

You collected 385 gold pieces.

Inventory:

Hand Weapons
 l - a +2 short sword of venom
Missiles
 j - 340 stones (quivered)
 x - 35 poisoned darts
Armour
 c - a +0 pair of boots of rampaging (worn)
Jewellery
 g - a ring of wizardry
 k - an amulet of the acrobat
Wands
 d - a wand of polymorph (19)
 t - a wand of paralysis (12)
 u - a wand of charming (13)
Scrolls
 e - 6 scrolls of identify
 f - 2 scrolls of amnesia
 q - 2 scrolls of teleportation {unknown}
 s - 2 scrolls of fear {unknown}
 v - 2 scrolls of immolation {unknown}
 w - a scroll of torment {unknown}
Potions
 a - 3 potions of cancellation
 b - a potion of flight
 h - 2 potions of haste
 i - a potion of lignification
 m - a potion of brilliance {unknown}
 n - a potion of degeneration {unknown}
 o - 2 potions of might {unknown}
 p - a potion of mutation {unknown}
 r - 2 potions of curing


   Skills:
 - Level 3.2 Fighting
 - Level 2.6 Dodging
 - Level 1.7 Stealth
 + Level 14.8 Unarmed Combat


You had 9 spell levels left.
You didn't know any spells.
Your spell library contained the following spells:

 Spells                   Type           Power      Damage    Failure   Level
 Gell's Gravitas          Tloc           0%         N/A       65%         3
 Lesser Beckoning         Tloc           0%         N/A       65%         3
 Stone Arrow              Conj/Erth      0%         3d7       65%         3
 Teleport Other           Tloc           0%         N/A       65%         3
 Leda's Liquefaction      Hex/Erth       0%         N/A       96%         4
 Bolt of Magma            Conj/Fire/Erth 0%         4d4       100%        5
 Dispersal                Tloc           0%         N/A       100%        6
 Statue Form              Tmut/Erth      0%         N/A       100%        6
 Lehudib's Crystal Spear  Conj/Erth      0%         10d2      100%        8
 Animate Armour           Summ/Erth      Unusable   N/A       N/A         4

Dungeon Overview and Level Annotations

Branches:
Dungeon (9/15)             Temple (1/1) D:6
   Lair: D:8-11         Orc: D:9-12

Altars:
Ashenzari
Cheibriados
Dithmenos
Elyvilon
Fedhas
Gozag
Hepliaklqana
Kikubaaqudgha
Makhleb
Nemelex Xobeh
Okawaru
Qazlal
Ru
Sif Muna
Trog
Uskayaw
Vehumet
Wu Jian
Xom
Yredelemnul
Zin
The Shining One

Shops:
D:2 [   D:7 *

Annotations:
D:9 1 runed translucent door, osinmv's ghost, journeyman DDHu


Innate Abilities, Weirdness & Mutations

You can breathe blasts of fire.
Your fiery red scales are hard. (AC +7)
You cannot fit into any form of body armour.
Your flesh is heat resistant. (rF+)
You are cold-blooded and may be slowed by cold attacks.


Message History

You are too injured to fight recklessly!
You are too injured to fight recklessly!
You are too injured to fight recklessly!
You are too injured to fight recklessly!
You are too injured to fight recklessly!
You are too injured to fight recklessly!
You are too injured to fight recklessly!
You are too injured to fight recklessly!
You are too injured to fight recklessly!
You are too injured to fight recklessly!
Unknown command.
A centaur zombie comes into view.
The goblin throws a boomerang.
The boomerang barely misses you.
You closely miss the wyvern. The wyvern bites you!
Unknown command.
The wyvern misses you. The wyvern closely misses you.
Things that are here:
3 boomerangs; a +0 ring mail The wyvern bites you!
* * * LOW HITPOINT WARNING * * *
The wyvern barely misses you. The wyvern bites you!
* * * LOW HITPOINT WARNING * * *
The wyvern closely misses you. The wyvern barely misses you.
There is a stone staircase leading up here.
The troll bites you!
* * * LOW HITPOINT WARNING * * *
The troll barely misses you. The troll claws you.
* * * LOW HITPOINT WARNING * * *
The wyvern barely misses you.
You climb upwards.
There is a stone staircase leading down here.
Unknown command.
As you read the scroll labelled DUIMEOGGENT, it crumbles to dust.
It is a scroll of amnesia.
You feel forgetful for a moment. The wyvern barely misses you.
The troll bites you!
* * * LOW HITPOINT WARNING * * *
The troll misses you. The troll barely misses you. The wyvern bites you!
You die...

#≈≈≈≈≈≈≈≈≈≈≈≈≈≈≈≈≈≈≈≈≈≈≈≈
##.......................
###################'####
##########8.###8.###8[###8(#.....
........##.................'.....
##########.######################
#........# ##....l..# #....T@.#
#.......# #########


You could see a troll and a wyvern.

Vanquished Creatures
  A troll (D:9)
  A hornet (D:8)
  Sigmund (D:2)
  A steam dragon (D:7)
  Menkaure (D:7)
  An acid dragon (D:8)
  2 water moccasins
  3 orc warriors
  2 black bears
  A sky beast (D:6)
  3 ice beasts
  3 necrophages
  3 wolves (D:9)
  2 ogres
  3 centaurs
  A phantom (D:4)
  3 bullfrogs
  5 scorpions
  A wyvern zombie (D:8)
  3 water moccasin skeletons
  5 wights (D:9)
  3 electric eels
  4 howler monkeys
  3 centaur zombies
  5 hounds
  2 bullfrog zombies
  4 orc priests
  2 jellies
  3 bullfrog skeletons
  Terence (D:2)
  2 iguanas
  4 orc wizards
  A scorpion zombie (D:5)
  A hound skeleton (D:5)
  A mummy (D:4)
  A howler monkey zombie (D:8)
  Robin (D:2)
  3 adders
  3 gnolls (D:3)
  A white imp (D:7)
  2 ufetubi
  7 worms
  4 dart slugs
  18 orcs
  6 bats
  6 endoplasms
  A giant cockroach (D:3)
  12 goblins
  12 hobgoblins
  3 jackals (D:1)
  6 quokkas
  7 ball pythons
  A frilled lizard (D:1)
  9 kobolds
  7 rats
192 creatures vanquished.

Vanquished Creatures (others)
  2 fungi (D:9)
  5 plants (D:9)
7 creatures vanquished.

Grand Total: 199 creatures vanquished

Notes
Turn   | Place    | Note
-------+----------+-------------------------------------------
     0 | D:1      | pkoi the Draconian Monk began the quest for the Orb.
     0 | D:1      | Reached XP level 1. HP: 19/19 MP: 1/1
   220 | D:1      | Found a faded altar of an unknown god.
   357 | D:1      | Reached XP level 2. HP: 26/26 MP: 2/2
   587 | D:1      | Reached skill level 4 in Unarmed Combat
  1088 | D:2      | Noticed Robin
  1114 | D:2      | Reached XP level 3. HP: 25/31 MP: 3/3
  1275 | D:2      | Killed Robin
  1328 | D:2      | Noticed Terence
  1574 | D:2      | Reached skill level 5 in Unarmed Combat
  1574 | D:2      | Reached XP level 4. HP: 15/38 MP: 4/4
  1993 | D:2      | Noticed Sigmund
  2014 | D:2      | Killed Sigmund
  2015 | D:2      | Reached skill level 6 in Unarmed Combat
  2015 | D:2      | Reached XP level 5. HP: 13/45 MP: 5/5
  2429 | D:2      | Found Deogh's Armour Shoppe.
  2440 | D:2      | Reached XP level 6. HP: 51/51 MP: 6/6
  2724 | D:3      | Reached skill level 7 in Unarmed Combat
  4202 | D:4      | Noticed a water moccasin
  4277 | D:4      | Found a snail-covered altar of Cheibriados.
  4422 | D:4      | Reached skill level 8 in Unarmed Combat
  4422 | D:4      | Your scales start taking on a fiery red colour.
  4422 | D:4      | Reached XP level 7. HP: 53/57 MP: 7/7
  4422 | D:4      | Gained mutation: Your flesh is heat resistant. (rF+) [Red
                  | Draconian growth]
  4810 | D:2      | Killed Terence
  5521 | D:4      | Reached skill level 9 in Unarmed Combat
  5700 | D:5      | Entered Level 5 of the Dungeon
  5877 | D:5      | Reached XP level 8. HP: 60/63 MP: 8/8
  5982 | D:5      | Reached skill level 10 in Unarmed Combat
  7135 | D:6      | Reached skill level 11 in Unarmed Combat
  7829 | D:6      | Found a staircase to the Ecumenical Temple.
  7837 | Temple   | Entered the Ecumenical Temple
  8076 | D:6      | Reached XP level 9. HP: 48/70 MP: 9/9
  8348 | D:6      | Reached skill level 12 in Unarmed Combat
  8634 | D:6      | HP: 1/70 [orc warrior (19)]
  9463 | D:7      | Identified the +7 rapier "Qudalael" {flame, Drain Dex+2
                  | Stlth+}
  9535 | D:7      | Noticed Menkaure
  9559 | D:7      | Killed Menkaure
  9826 | D:7      | Reached skill level 13 in Unarmed Combat
 10098 | D:7      | Found Sihekiuc's Gadget Gallery.
 10643 | D:8      | HP: 3/70 [acid (10)]
 11457 | D:8      | Reached skill level 14 in Unarmed Combat
 11774 | D:8      | Reached XP level 10. HP: 68/77 MP: 10/10
 12380 | D:9      | Noticed osinmv's ghost (journeyman DDHu)
 12381 | D:9      | Found a runed translucent door.
 12387 | D:9      | Identified the +3 spear of the Shrike {drain, Will- rCorr
                  | Int+4}
 13148 | D:8      | HP: 1/74 [troll (9)]
 13148 | D:8      | Demolished by a wyvern

Illustrated notes

Levels and vault maps discovered:
D:1:      saegor_arrival_miasma, layout_rooms, ebering_ecumenical_altar_box,
          hex_intersection
D:2:      layout_basic, serial_shops, shop, uniq_robin, uniq_sigmund,
          uniq_terence
D:3:      layout_loops_ring
D:4:      layout_basic, slow_altar_1
D:5:      layout_loops_ring, lightli_sewer_entry_pipes
D:6:      layout_rooms, temple_green, kennysheep_big_empty_room,
          grunt_ministairs_1
D:7:      layout_loops_cross, nicolae_shop_gadgets, uniq_menkaure
D:8:      wad_river_or_something, layout_rooms
D:9:      layout_loops_ring, erik_lair_island, ebering_ghost_funeral_grove,
          enter_bailey_5, hellmonk_guarded_unrand_vitality_bloodlust
Temple:   minmay_crystal_snake_temple

Skill      XL: |  1  2  3  4  5  6  7  8  9 |
---------------+----------------------------+-----
Unarmed Combat | 4 5 6 8 9 11 14 | 14.8
Fighting       | |  3.2
Dodging        | |  2.6
Stealth        | |  1.7

Action                   |  1- 3 |  4- 6 |  7- 9 | 10-12 || total
-------------------------+-------+-------+-------+-------++-------
Melee: Unarmed           |   133 |   134 |   385 |    98 ||   750
       Tailslap          |    13 |    11 |    42 |    19 ||    85
       Punch             |     3 |     1 |    20 |     3 ||    27
 Abil: Breathe Fire      |       |       |    12 |     1 ||    13
  Use: Scroll            |     2 |       |       |     1 ||     3
       Potion            |       |     3 |     1 |       ||     4
 Stab: Sleeping          |     3 |     7 |     5 |       ||    15
       Distracted        |       |       |     1 |       ||     1
Armor: Skin              |    38 |    34 |    98 |    22 ||   192
Dodge: Dodged            |    69 |    72 |   207 |    60 ||   408
